AoeStats
← xlalox corona

MegaRandom

504913174Analyzed
1v1 RM · 24d ago on Sep 7, 2026· 50m 24s· 2 players
Game mode
Random Map
Map size
Tiny (2 player)
Population
200
Speed
Normal
Resources
Standard
Victory
Conquest
Starting age
Dark Age
Ending age
Imperial Age
RankedLock teamsTeams togetherTeam positionsShared explorationLock speedFull tech treeHidden civsTurbo modeCheats
Victory
Defeat
🇲🇽 Lithuanians · Mexico
1713
+13
🇺🇸 Byzantines · United States
1636
-13
sampersand
5:07 Loom
11:05 Feudal Age
14:39 Castle Age
13:10 Double-Bit Axe
15:18 Fletching
21:28 Bodkin Arrow
22:21 Crossbowman
23:22 Horse Collar
24:26 Devotion
30:35 Imperial Age
28:21 Padded Archer Armor
28:43 Bow Saw
29:20 Redemption
29:56 Ballistics
30:22 Sanctity
31:22 Bracer
32:27 Wheelbarrow
33:38 Scale Barding Armor
34:13 Forging
34:06 Heavy Plow
35:37 Chain Barding Armor
35:50 Heavy Camel Rider
38:24 Plate Barding Armor
39:06 Iron Casting
39:55 Husbandry
42:37 Chemistry
42:49 Conscription
42:23 Capped Ram
42:42 Arbalester
43:27 Thumb Ring
44:10 Hand Cart
43:30 Light Cavalry
xlalox corona
10:28 Feudal Age
11:03 Feudal Age
14:34 Castle Age
12:45 Double-Bit Axe
13:07 Horse Collar
14:55 Fletching
15:32 Bow Saw
29:27 Imperial Age
26:46 Loom
27:41 Wheelbarrow
27:49 Stone Mining
27:52 Gold Mining
28:55 Scale Barding Armor
29:52 Hand Cart
30:08 Chain Barding Armor
32:05 Plate Barding Armor
31:56 Forging
33:25 Bodkin Arrow
32:54 Elite Skirmisher
34:29 Iron Casting
34:01 Town Watch
34:35 Bracer
34:37 Padded Archer Armor
35:58 Heavy Plow
37:23 Two-Man Saw
37:33 Chemistry
37:00 Ballistics
37:12 Conscription
37:52 Leather Archer Armor
37:32 Elite Leitis
39:13 Scale Mail Armor
38:45 Pikeman
39:26 Squires
39:27 Arson
40:15 Chain Mail Armor
41:27 Ring Archer Armor
42:27 Halberdier
44:36 Crop Rotation
44:31 Tower Shields
Connection lost

Rejoining the realm…

Still unreachable

The connection could not be restored.

Session expired

The server has moved on; the page needs a fresh start.